 Dungeon Crawl Stone Soup version 0.23.2-1-ga50397a (webtiles) character file.

Game seed: 9250891185825510605

80 diana the Slasher (level 4, -2/34 HPs)
             Began as a Demonspawn Gladiator on May 7, 2019.
             Slain by a centaur (4 damage)
             ... on level 3 of the Dungeon.
             The game lasted 00:01:09 (1253 turns).

diana the Slasher (Demonspawn Gladiator)            Turns: 1253, Time: 00:01:09

Health: -2/34      AC:  4    Str: 15    XL:     4   Next: 18%
Magic:  4/4        EV: 13    Int: 10    God:
Gold:   126        SH:  0    Dex: 14    Spells: 3/3 levels left

rFire    . . .     SeeInvis .   a - +0 long sword
rCold    . . .     Gourm    +   (no shield)
rNeg     . . .     Faith    .   b - +0 leather armour
rPois    .         Spirit   .   c - +0 helmet
rElec    .         Reflect  .   (no cloak)
rCorr    .         Harm     .   (no gloves)
MR       .....                  (no boots)
Stlth    +.........             h - amulet of the gourmand
HPRegen  0.11/turn              (no ring)
MPRegen  0.09/turn              (no ring)

@: no status effects
A: hooves 1
a: no special abilities


You were on level 3 of the Dungeon.
You were not hungry.

You visited 1 branch of the dungeon, and saw 3 of its levels.

You collected 126 gold pieces.

Inventory:

Hand Weapons
 a - a +0 long sword (weapon)
Missiles
 d - 4 throwing nets (quivered)
Armour
 b - a +0 leather armour (worn)
 c - a +0 helmet (worn)
Jewellery
 h - an amulet of the gourmand (around neck)
 o - an uncursed ring of ice {unknown}
Scrolls
 g - 2 scrolls of remove curse {unknown}
 j - 2 scrolls of random uselessness {unknown}
 k - a scroll of fog {unknown}
 m - 3 scrolls of magic mapping {unknown}
 n - a scroll of amnesia {unknown}
 p - a scroll of enchant weapon {unknown}
 q - a scroll of teleportation {unknown}
 r - a scroll of noise {unknown}
Potions
 e - 2 potions of degeneration {unknown}
 i - a potion of might {unknown}
 l - 3 potions of invisibility {unknown}
Comestibles
 f - 2 rations


   Skills:
 + Level 2.6 Fighting
 + Level 3.1 Long Blades
 - Level 1.7 Throwing
 * Level 2.0 Armour
 + Level 3.1 Dodging


You had 3 spell levels left.
You didn't know any spells.
Your spell library was empty.

Dungeon Overview and Level Annotations

Branches:
Dungeon (3/15)

Altars:
Dithmenos

Annotations:
D:2 1 runed translucent door, Crazy Yiuf


Innate Abilities, Weirdness & Mutations

You have large cloven feet.


Message History

You see here an arrow.
A centaur is nearby!
You are too injured to fight recklessly!
You are too injured to fight recklessly!
You are too injured to fight recklessly!
The centaur shoots an arrow.
The arrow closely misses you.
The centaur unwields a +0 shortbow.
The centaur hits you.
* * * LOW HITPOINT WARNING * * *
You hit the centaur but do no damage. You kick the centaur.
The centaur is lightly wounded.
The centaur hits you.
* * * LOW HITPOINT WARNING * * *
The centaur closely misses you.
Throwing (i - inventory)
d - 5 throwing nets (quivered)
Press: ? - help, Shift-Dir - straight line, f - centaur
Aim: a centaur (lightly wounded)
You throw a throwing net.
The throwing net barely misses the centaur.
The centaur hits you.
You die...

#.# #.#
#.##.##..... #.#
#.#######
#.##.##..<.. #.#
#.......#
#.##.##..... #.#
#######.#
#.....+..... #.#
#.# #..#.##.....
#.#
#.###....##.....
#.#
#.....##########
##.###############
#...(..((.@c(#
##########........
.........
####.##### .# .# #


You could see a centaur.

Vanquished Creatures
  Jessica (D:2)
  An adder (D:3)
  2 oozes (D:1)
  A leopard gecko (D:2)
  A ball python (D:1)
  A bat (D:2)
  A giant cockroach (D:2)
  6 goblins
  2 hobgoblins
  6 jackals (D:2)
  A quokka (D:2)
  3 frilled lizards
  4 kobolds (D:2)
  5 rats
35 creatures vanquished.

Notes
Turn   | Place    | Note
-------+----------+-------------------------------------------
     0 | D:1      | diana the Demonspawn Gladiator began the quest for the Orb.
     0 | D:1      | Reached XP level 1. HP: 16/16 MP: 1/1
   164 | D:1      | Reached skill level 1 in Armour
   164 | D:1      | Gained mutation: You have large cloven feet. [demonic
                  | ancestry]
   164 | D:1      | Reached XP level 2. HP: 18/22 MP: 2/2
   481 | D:2      | Reached XP level 3. HP: 23/28 MP: 3/3
   554 | D:2      | Found a shadowy altar of Dithmenos.
   725 | D:2      | Found a runed translucent door.
   726 | D:2      | Noticed Crazy Yiuf
   834 | D:2      | Noticed Jessica
   840 | D:2      | Killed Jessica
   840 | D:2      | Reached XP level 4. HP: 22/34 MP: 4/4
  1247 | D:3      | Noticed a centaur
  1253 | D:3      | Slain by a centaur

Skill      XL: |  1  2  3 |
---------------+----------+-----
Armour         | 1 2 |  2.0
Dodging        | 3 |  3.1
Long Blades    | 3 |  3.1
Fighting       | |  2.6
Throwing       | |  1.7

Action                   |  1- 3 |  4- 6 || total
-------------------------+-------+-------++-------
Melee: Long sword        |    87 |     8 ||    95
       Kick              |    14 |     3 ||    17
Throw: Throwing net      |       |     1 ||     1
 Stab: Sleeping          |     2 |       ||     2
  Eat: Chunk             |     3 |       ||     3
Armor: Leather armour    |    20 |       ||    20
Dodge: Dodged            |    80 |    11 ||    91
       Rpst.: Long sword |    24 |     6 ||    30
